 Dungeon Crawl Stone Soup version 0.18.1-48-g4cf74bf (webtiles) character file.

177 MistressOfTheDunes the Insei (level 5, -1/42 HPs)
             Began as a Mummy Monk on June 25, 2016.
             Slain by a gnoll
             ... wielding a +0 halberd
              (8 damage)
             ... on level 4 of the Dungeon.
             The game lasted 00:03:31 (4229 turns).

MistressOfTheDunes the Insei (Mummy Monk)           Turns: 4229, Time: 00:03:31

Health: -1/42      AC:  2    Str: 15    XL:     5   Next: 31%
Magic:  5/5        EV: 13    Int:  9    God:
Gold:   130        SH:  0    Dex: 15    Spells: 0 memorised, 4 levels left

rFire  x . .     SeeInvis .       - Unarmed
rCold  + + .     Gourm    .     (no armour)
rNeg   + + +     Faith    .     (no shield)
rPois  ∞         Spirit   .     (no helmet)
rElec  .         Dismiss  .     k - +0 cloak
rCorr  .         Reflect  .     (no gloves)
SustAt .         Harm     .     j - +0 pair of boots
MR     .....                    (no amulet)
Stlth  +++.......               g - ring of protection from cold
                                a - ring of stealth

@: not resistant to hostile enchantments, fairly stealthy
A: no food or potions, fire vulnerability, cold resistance 1, negative energy
resistance 3, torment resistance, unbreathing
a: no special abilities


You were on level 4 of the Dungeon.
You were not hungry.

You visited 1 branch of the dungeon, and saw 4 of its levels.

You collected 130 gold pieces.


Innate Abilities, Weirdness & Mutations

You do not eat or drink.
Your flesh is vulnerable to fire.
You are immune to poison.
Your flesh is cold resistant.
You are immune to negative energy.
You are immune to unholy pain and torment.
You can survive without breathing.


   Skills:
 + Level 4.1 Fighting
 - Level 2.4 Dodging
 - Level 1.5 Stealth
 - Level 5.0 Unarmed Combat


You had 4 spell levels left.
You didn't know any spells.

Inventory:

Armour
 j - a +0 pair of boots (worn)
 k - a +0 cloak (worn)
Jewellery
 a - a ring of stealth (left hand)
 d - a cursed amulet of guardian spirit {unknown}
 g - a ring of protection from cold (right hand)
Scrolls
 b - a scroll of amnesia {unknown}
 c - 4 scrolls of remove curse {unknown}
 e - 4 scrolls of identify {unknown}
 f - a scroll of magic mapping {unknown}
 h - 2 scrolls of enchant weapon {unknown}
 i - a scroll of fog {unknown}
 l - a scroll of teleportation {unknown}

Dungeon Overview and Level Annotations

Branches:
Dungeon (4/15)
 Temple: D:4-7

Altars:
Nemelex Xobeh
Vehumet

▒▒▒▒▒ ▒▒▒▒▒▒▒▒▒▒▒ ▒...▒
▒.........▒
▒▒▒▒▒...▒▒▒▒.........▒
........'............▒
▒..M▒▒▒▒.........▒ ▒.o.▒
▒.........▒
▒▒▒..g▒▒▒▒.........▒
▒....g'g...........▒
▒o▒...▒▒▒▒.........▒ ▒.▒...▒
▒▒▒.▒.▒▒▒▒▒ ▒
▒.▒...▒▒▒▒▒▒.▒.▒▒▒▒ ▒..
▒o▒...▒...........▒
▒....▒▒▒▒▒▒▒Z▒▒▒▒▒...........▒


You could see an orc priest, 2 gnolls and an orc.


Message History

The gnoll hits you!
You beat the gnoll but do no damage!
The gnoll is heavily wounded!
The orc priest invokes the aid of Beogh against you!
Beogh smites you!!! The gnoll hits you! * * * don't die
* * * You barely miss the gnoll!
The gnoll is heavily wounded!
The orc priest casts a cantrip, but nothing happens!
The gnoll misses you!
You squash the gnoll like an ant!
The gnoll is severely wounded!
The gnoll misses you!
You barely miss the gnoll!
The gnoll is severely wounded!
The gnoll barely misses you!
You pummel the gnoll like a punching bag!
You annihilate the gnoll!!!
The orc misses you!
The orc priest casts a cantrip, but nothing happens!
You see here a shiny ring mail!
The gnoll shouts!!!
The orc priest invokes the aid of Beogh against you!
Beogh smites you!!! * * * don't die
* * * The gnoll shouts!!!
The gnoll hits you with a halberd! * * * don't die
* * * The gnoll hits you from afar with a halberd!!! rip

Action                   |  1- 3 |  4- 6 || total
-------------------------+-------+-------++-------
Melee: Unarmed           |   145 |   147 ||   292
       Punch             |     3 |     3 ||     6
 Stab: Sleeping          |    12 |     9 ||    21
       Distracted        |     1 |     1 ||     2
Armor: Skin              |       |     6 ||     6
Dodge: Dodged            |    98 |    96 ||   194

Vault maps used:
D:1:      lightli_iron_boxes
D:2:      nemelex_xobeh_ov_fountains_minmay, lemuel_doored_altar, first_bread
D:3:      ecumenical_altar_1
D:4:      minmay_door_path

Notes
Turn   | Place    | Note
--------------------------------------------------------------
     0 | D:1      | MistressOfTheDunes the Mummy Monk began the quest for the Orb.
     0 | D:1      | Reached XP level 1. HP: 18/18 MP: 1/1
   220 | D:1      | Reached XP level 2. HP: 21/24 MP: 2/2
   649 | D:1      | Reached skill level 4 in Unarmed Combat
   851 | D:1      | Reached XP level 3. HP: 27/29 MP: 3/3
  1152 | D:2      | Found a sparkling altar of Nemelex Xobeh.
  1298 | D:2      | Found a radiant altar of Vehumet.
  1804 | D:2      | Reached XP level 4. HP: 16/35 MP: 4/4
  2009 | D:2      | HP: 1/35 [goblin/stone (5)]
  2882 | D:3      | Found a faded altar to an unknown god.
  2914 | D:3      | Reached skill level 5 in Unarmed Combat
  3611 | D:3      | Reached XP level 5. HP: 36/41 MP: 5/5
  3999 | D:4      | Reached skill level 4 in Fighting
  4229 | D:4      | Slain by a gnoll

Vanquished Creatures
  A hound zombie (D:4)
  A gnoll (D:4)
  5 adders
  An ooze (D:2)
  A worm (D:2)
  2 dart slugs (D:1)
  3 giant geckos
  10 orcs
  4 giant cockroaches
  12 goblins
  9 hobgoblins
  A ball python (D:1)
  6 bats
  A giant gecko skeleton (D:4)
  5 giant newts
  9 kobolds
  12 rats
83 creatures vanquished.
